 Dungeon Crawl Stone Soup version 0.24.0-13-gcf9b319 (webtiles) character file.

Game seed: 3026561903983682617, levelgen mode: deterministic

32 Gazorpazorpfield the Caller (level 3, -2/20 HPs)
             Began as a Deep Elf Summoner on May 14, 2020.
             Slain by a worm (8 damage)
             ... on level 2 of the Dungeon.
             The game lasted 00:05:09 (1025 turns).

Gazorpazorpfield the Caller (Deep Elf Summoner)     Turns: 1025, Time: 00:05:10

Health: -2/20      AC:  2    Str:  5    XL:     3   Next: 10%
Magic:  4/10       EV: 13    Int: 20    God:
Gold:   55         SH:  0    Dex: 15    Spells: 0/9 levels left

rFire    . . .     SeeInvis .   h - +0 dagger
rCold    . . .     Gourm    .   (no shield)
rNeg     + . .     Faith    .   a - +0 robe
rPois    .         Spirit   .   (no helmet)
rElec    .         Reflect  .   (no cloak)
rCorr    .         Harm     .   (no gloves)
MR       .....                  (no boots)
Stlth    ++........             (no amulet)
HPRegen  0.06/turn              k - ring of positive energy
MPRegen  0.12/turn              (no ring)

@: no status effects
A: no striking features
a: no special abilities


You were on level 2 of the Dungeon.
You were not hungry.

You visited 1 branch of the dungeon, and saw 2 of its levels.

You collected 55 gold pieces.

Inventory:

Hand Weapons
 h - a +0 dagger (weapon)
Armour
 a - a +0 robe (worn)
Jewellery
 k - a ring of positive energy (left hand)
Scrolls
 b - a scroll of amnesia {unknown}
 d - 3 scrolls of identify {unknown}
 f - 2 scrolls of remove curse {unknown}
Potions
 e - a potion of curing {unknown}
 g - a potion of heal wounds {unknown}
 j - a potion of ambrosia {unknown}
Comestibles
 c - 6 rations
 i - a chunk of flesh


   Skills:
 + Level 0.5 Fighting
 + Level 2.4 Dodging
 + Level 2.5 Stealth
 + Level 3.9 Spellcasting
 + Level 4.9 Summonings


You couldn't memorise any spells.
You knew the following spells:

 Your Spells              Type           Power        Failure   Level  Hunger
a - Summon Small Mammal   Summ           ###.         1%          1    None
b - Call Imp              Summ           ###.....     2%          2    ##.....
c - Call Canine Familiar  Summ           ###.....     5%          3    ###....
d - Summon Guardian Gole  Hex/Summ       ##......     14%         3    ###....

Your spell library contained the following spells:

 Spells                   Type           Power        Failure   Level  Hunger
 Summon Ice Beast         Ice/Summ       ##......     43%         4    ####...
 Summon Lightning Spire   Summ/Air       ##......     43%         4    ####...


Dungeon Overview and Level Annotations

Branches:
Dungeon (2/15)

Altars:


Message History

The worm is heavily wounded.
The worm barely misses you.
Your crimson imp hits the worm.
You hit the worm.
The worm is severely wounded.
Your crimson imp barely misses the worm.
You barely miss the worm.
The worm is severely wounded.
The worm misses you.
Your crimson imp hits the worm.
You hit the worm.
The worm is severely wounded.
Your crimson imp blinks!
You barely miss the worm.
The worm is severely wounded.
The worm bites you.
* * * LOW HITPOINT WARNING * * *
Your crimson imp blinks!
You barely miss the worm.
The worm is severely wounded.
The worm bites you!
You die...

#.......g.). ###
#.....).5. ##5##
#.##.#.##.
##g#.######.##.#.##.
##.###....<†.........
#.## ##...5.......##.
#..###.......##.#####
#.#5#r.####..##.#
.##.##@#.####..##.#
......w....÷....##.#
......§............[
.#.#.########..#####
#.... ..# #..( .# ##
.# #


You could see a worm, 2 friendly crimson imps and a friendly quokka.

Vanquished Creatures
  A jackal (D:1)
1 creature vanquished.

Vanquished Creatures (collateral kills)
  4 gnolls (D:2)
  2 leopard geckos (D:1)
  A ball python (D:1)
  A giant cockroach (D:1)
  4 goblins (D:1)
  2 jackals (D:1)
  A kobold (D:1)
  2 rats
17 creatures vanquished.

Grand Total: 18 creatures vanquished

Notes
Turn   | Place    | Note
-------+----------+-------------------------------------------
     0 | D:1      | Gazorpazorpfield the Deep Elf Summoner began the quest for
                  | the Orb.
     0 | D:1      | Reached XP level 1. HP: 10/10 MP: 6/6
   630 | D:1      | Reached XP level 2. HP: 15/15 MP: 5/8
   701 | D:1      | Learned a level 2 spell: Call Imp
   970 | D:2      | Reached XP level 3. HP: 11/20 MP: 0/10
   975 | D:2      | Learned a level 3 spell: Call Canine Familiar
   979 | D:2      | Learned a level 3 spell: Summon Guardian Golem
  1025 | D:2      | Slain by a worm

Levels and vault maps discovered:
D:1:      mainiacjoe_arrival_reflecting_pool, layout_loops_ring
D:2:      layout_loops_ring, gammafunk_temple_overflow_statue, first_ration

Action                   || total
-------------------------++-------
Melee: Dagger            ||    22
 Cast: Summon Small Mamm ||    31
       Call Imp          ||     5
Dodge: Dodged            ||    21
